AoeStats
← 白内障看不清,充能步枪滋眼睛

Arena

509107598Analyzed
4v4 RM · 7d ago on Sep 25, 2026· 68m 20s· 8 players
Game mode
Random Map
Map size
Large (8 player)
Population
200
Speed
Normal
Resources
Standard
Victory
Conquest
Starting age
Dark Age
Ending age
Imperial Age
RankedLock teamsTeams togetherTeam positionsShared explorationLock speedFull tech treeHidden civsTurbo modeCheats
Victory
Defeat
🇨🇳 Teutons · China
961
+14
🇨🇳 Huns · China
953
+14
🇩🇰 Koreans · Denmark
934
+15
🇨🇳 Saxons · China
930
-14
🇨🇳 Varangians · China
930
-15
🇨🇦 Aztecs · Canada
906
-14
🇦🇷 Gurjaras · Argentina
903
-14
渊海溯汀流
0:34 Loom
13:09 Feudal Age
18:00 Castle Age
16:27 Stone Mining
16:30 Double-Bit Axe
17:47 Scale Mail Armor
18:42 Forging
20:32 Fletching
24:16 Squires
26:02 Gold Mining
26:27 Bow Saw
26:01 Horse Collar
29:19 Wheelbarrow
30:12 Treadmill Crane
31:25 Ballistics
31:35 Bodkin Arrow
32:41 Masonry
32:50 Chain Mail Armor
34:00 Fortified Wall
37:00 Imperial Age
35:30 Iron Casting
35:12 Caravan
35:37 Arson
36:19 Hand Cart
35:27 Elite Skirmisher
37:00 Gold Shaft Mining
37:09 Scale Barding Armor
37:08 Padded Archer Armor
38:09 Conscription
37:12 Shield Wall
37:57 Bracer
38:55 Plate Mail Armor
37:51 Pikeman
38:13 Elite Hearth Troop
40:23 Chemistry
39:02 Halberdier
41:59 Hoardings
42:04 Heavy Mounted Crossbowman
44:01 Elite Varangian Guard
46:59 Elite Varangian Guard
48:08 Cranequins
53:00 Gambesons
十香
11:19 Feudal Age
15:34 Castle Age
13:40 Double-Bit Axe
16:57 Loom
17:48 Wheelbarrow
17:14 Loom
24:25 Hand Cart
24:30 Gold Mining
24:22 Horse Collar
24:56 Bow Saw
26:40 Stone Mining
28:19 Heavy Plow
31:21 Imperial Age
30:04 Stone Shaft Mining
30:56 Scale Barding Armor
31:02 Forging
31:06 Treadmill Crane
31:49 Ballistics
31:50 Bloodlines
31:40 Husbandry
31:01 Light Cavalry
31:50 Scale Mail Armor
32:12 Chain Barding Armor
32:36 Crop Rotation
33:13 Two-Man Saw
32:04 Hussar
33:35 Conscription
33:28 Scale Mail Armor
34:06 Iron Casting
34:43 Chemistry
34:09 Heavy Scorpion
36:58 Blast Furnace
35:59 Scale Mail Armor
36:34 Plate Barding Armor
Coffee Bean
10:11 Feudal Age
10:36 Horse Collar
10:44 Double-Bit Axe
14:25 Wheelbarrow
17:51 Castle Age
19:36 Bow Saw
19:29 Heavy Plow
23:04 Treadmill Crane
25:01 Gold Mining
25:02 Stone Mining
27:08 Gold Shaft Mining
27:10 Stone Shaft Mining
29:07 Imperial Age
26:24 Loom
27:09 Hand Cart
28:13 Forging
28:03 Scale Mail Armor
28:39 Eagle Warrior
29:22 Squires
29:07 Arson
29:35 Fortified Wall
29:31 Town Watch
30:28 Chain Mail Armor
30:49 Iron Casting
29:59 Elite Eagle Warrior
32:02 Ballistics
32:50 Garland Wars
32:51 Conscription
33:16 Crop Rotation
34:40 Chemistry
34:42 Blast Furnace
34:12 Plate Mail Armor
33:33 Fletching
34:00 Pikeman
41:12 Bodkin Arrow
42:11 Bracer
42:07 Elite Jaguar Warrior
50:16 Murder Holes
64:51 Padded Archer Armor
65:02 Atlatl
65:59 Elite Skirmisher
67:18 Leather Archer Armor
林归于凤
10:11 Feudal Age
10:39 Double-Bit Axe
11:40 Wheelbarrow
10:47 Horse Collar
17:32 Castle Age
15:43 Stone Mining
17:14 Forging
18:35 Bow Saw
18:27 Heavy Plow
19:03 Hand Cart
23:02 Stone Shaft Mining
22:21 Gold Mining
24:56 Gold Shaft Mining
27:08 Treadmill Crane
29:19 Iron Casting
28:50 Husbandry
29:01 Bloodlines
29:47 Caravan
30:52 Masonry
30:55 Scale Barding Armor
33:25 Imperial Age
31:33 Kshatriyas
30:52 Light Cavalry
31:24 Town Watch
32:16 Chain Barding Armor
31:50 Loom
33:24 Murder Holes
33:35 Town Patrol
33:46 Elite Shrivamsha Rider
34:58 Conscription
34:38 Heavy Camel Rider
41:23 Fortified Wall
42:13 Chemistry
49:58 Hussar
50:42 Elite Elephant Archer
59:55 Heavy Scorpion
白内障看不清,充能步枪滋眼睛
11:15 Feudal Age
12:03 Double-Bit Axe
16:59 Castle Age
14:54 Horse Collar
16:33 Wheelbarrow
18:21 Heavy Plow
18:34 Bow Saw
22:15 Hand Cart
25:13 Gold Mining
28:20 Imperial Age
26:39 Stone Mining
27:27 Gold Shaft Mining
27:32 Fletching
27:42 Padded Archer Armor
28:05 Ballistics
31:19 Two-Man Saw
31:24 Chemistry
30:22 Bodkin Arrow
30:43 Leather Archer Armor
30:39 Forging
30:30 Scale Mail Armor
30:05 Pikeman
30:46 Squires
30:31 Arson
31:43 Murder Holes
31:50 Bracer
33:09 Ring Archer Armor
32:07 Halberdier
34:10 Conscription
35:52 Yeomen
36:09 Siege Engineers
36:42 Iron Casting
36:23 Chain Mail Armor
39:57 Blast Furnace
39:28 Plate Mail Armor
38:29 Elite Longbowman
41:13 Warwolf
白桵
13:06 Feudal Age
17:36 Castle Age
15:52 Double-Bit Axe
16:08 Horse Collar
18:06 Wheelbarrow
17:30 Gold Mining
18:47 Bow Saw
20:52 Heavy Plow
21:42 Stone Mining
23:20 Stone Shaft Mining
28:21 Hand Cart
32:25 Imperial Age
31:25 Bloodlines
31:36 Forging
31:27 Scale Mail Armor
31:33 Scale Barding Armor
32:59 Gambesons
33:15 Squires
33:01 Arson
33:56 Iron Casting
33:37 Chain Mail Armor
34:43 Two-Man Saw
34:16 Crop Rotation
34:11 Conscription
33:51 Elite Teutonic Knight
34:19 Cavalier
36:08 Blast Furnace
36:50 Paladin
38:31 Caravan
43:47 Plate Mail Armor
43:37 Chain Barding Armor
47:47 Ironclad
51:33 Pikeman
52:54 Plate Barding Armor
53:16 Onager
maltheh9797
11:09 Feudal Age
15:03 Castle Age
12:59 Double-Bit Axe
12:55 Horse Collar
17:24 Bow Saw
19:04 Loom
23:33 Fletching
26:20 Wheelbarrow
26:56 Bodkin Arrow
27:45 Hand Cart
29:08 Forging
29:02 Scale Mail Armor
32:56 Imperial Age
31:46 Iron Casting
32:10 Ballistics
31:31 Treadmill Crane
32:31 Squires
32:34 Gold Mining
34:05 Conscription
35:00 Chemistry
34:26 Bracer
34:01 Elite War Wagon
35:33 Eupseong
39:50 Elite Fire Lancer
40:53 Chain Mail Armor
42:40 Thumb Ring
41:56 Crossbowman
54:05 Two-Man Saw
54:02 Pikeman
55:46 Halberdier
56:47 Halberdier
白仔
11:19 Feudal Age
15:17 Castle Age
13:47 Double-Bit Axe
13:45 Horse Collar
13:59 Gold Mining
21:20 Bow Saw
22:27 Heavy Plow
24:27 Wheelbarrow
25:11 Forging
25:07 Scale Barding Armor
25:50 Gold Shaft Mining
25:37 Hand Cart
25:13 Loom
25:14 Town Watch
29:24 Imperial Age
27:41 Iron Casting
27:28 Stone Mining
28:11 Chain Barding Armor
29:22 Bloodlines
29:12 Husbandry
31:54 Two-Man Saw
32:00 Blast Furnace
31:35 Plate Barding Armor
31:04 Town Patrol
31:33 Marauders
31:54 Conscription
30:56 Elite Tarkan
33:45 Scale Mail Armor
39:20 Chain Mail Armor
39:27 Squires
39:12 Arson
38:48 Pikeman
40:15 Halberdier
40:32 Light Cavalry
44:18 Fletching
44:29 Padded Archer Armor
49:13 Hussar
52:37 Murder Holes
52:52 Masonry
53:15 Ballistics
Connection lost

Rejoining the realm…

Still unreachable

The connection could not be restored.

Session expired

The server has moved on; the page needs a fresh start.